Map: Кислотный завод РВ

Players

CookieMonsta

  • Race: Protoss Protoss
  • League: Master
  • Spawn Location: 5:00

JEROS - Winner!

  • Race: Terran Terran
  • League: Master
  • Spawn Location: 11:00

VOD

Have the link to the VOD?

Description

Time

  • Played on: Nov. 18, 2018, 11:51 a.m.
  • Length: 9:45
Show
View Real Time Build Order
Export as new Build Order

CookieMonsta Protoss 

Build Orders: 1 Gate Expand, Double Forge, Blink Stalkers, Colossus Rush 

Get SALT Encoding   

  12  0:00  Probe  
  13  0:12  Probe  
  14  0:17  Pylon  
  14  0:25  Probe (Chrono Boost)  
  15  0:37  Probe (Chrono Boost)  
  15  0:39  Gateway  
  16  0:45  Probe (Chrono Boost)  
  16  0:46  Assimilator  
  17  0:51  Probe (Chrono Boost)  
  18  1:03  Probe (Chrono Boost)  
  19  1:11  Probe (Chrono Boost)  
  20  1:24  Nexus  
  20  1:33  Cybernetics Core  
  20  1:36  Probe  
  21  1:44  Assimilator  
  21  1:48  Probe  
  21  1:53  Pylon  
  22  2:00  Probe  
  23  2:09  Stalker (Chrono Boost)  
  23  2:11  Warp Gate  
  23  2:12  Probe  
  26  2:24  Probe  
  26  2:25  Twilight Council  
  27  2:37  Probe x2  
  29  2:39  Stalker (Chrono Boost)  
  31  2:49  Probe x2  
  33  3:01  Probe x2  
  33  3:02  Blink (Chrono Boost)  
  34  3:13  Stalker, Probe  
  34  3:15  Probe  
  38  3:25  Robotics Facility, Probe  
  39  3:35  Probe  
  39  3:36  Gateway  
  39  3:40  Probe  
  39  3:47  Probe  
  40  3:52  Probe  
  41  3:59  Nexus  
  41  4:03  Probe  
  42  4:11  Probe  
  42  4:13  Observer  
  42  4:15  Robotics Bay  
  45  4:17  Probe  
  45  4:19  Assimilator  
  45  4:24  Assimilator  
  45  4:27  Pylon  
  45  4:29  Pylon  
  45  4:34  Forge  
  45  4:35  Forge  
  45  4:37  Probe  
  46  4:45  Probe, Observer  
  48  4:50  Zealot x2  
  48  4:51  Charge (Chrono Boost)  
  48  4:52  Probe  
  53  4:57  Probe  
  53  4:59  Pylon  
  54  5:04  Protoss Ground Weapons Level 1 (Chrono Boost), Probe  
  55  5:09  Probe  
  55  5:11  Probe  
  57  5:14  Protoss Ground Armor Level 1 (Chrono Boost)  
  57  5:16  Probe  
  57  5:20  Stalker  
  60  5:21  Stalker, Observer  
  60  5:22  Probe  
  60  5:26  Probe  
  60  5:28  Probe  
  65  5:32  Colossus (Chrono Boost)  
  73  5:48  Gateway  
  70  5:50  Pylon, Gateway  
  70  5:53  Pylon  
  70  5:59  Pylon x2  
  70  6:11  Zealot x2  
  74  6:15  Colossus (Chrono Boost)  
  80  6:20  Gateway  
  76  6:33  Zealot x2  
  76  6:37  Pylon x2  
  78  6:52  Pylon  
  78  6:53  Pylon  
  78  6:54  Zealot  
  78  6:55  Zealot x3  
  86  7:09  Gateway  
  86  7:11  Warp Prism  
  86  7:12  Gateway  
  86  7:15  Gateway  
  78  7:19  Zealot x2, Gateway  
  78  7:20  Zealot  
  76  7:37  Templar Archives  
  76  7:42  Zealot x4  
  84  7:50  Pylon  
  84  8:14  Zealot x7  
  98  8:25  Pylon  
  98  8:32  High Templar  
  100  8:35  High Templar x5  
  100  8:38  Pylon  
  100  8:40  Archon  
  100  8:41  Archon  
  110  8:42  Archon  
  110  8:45  Pylon  
  111  8:55  Sentry  
  97  9:15  Zealot x2  
  97  9:16  Zealot  
  103  9:21  Pylon x2  
  103  9:25  Pylon  
Show
View Real Time Build Order
Export as new Build Order

JEROS Terran - Winner!

Build Orders: Reaper Expand 

Get SALT Encoding   

  12  0:01  SCV  
  13  0:14  SCV  
  14  0:17  Supply Depot  
  14  0:26  SCV  
  15  0:39  SCV  
  15  0:41  Barracks  
  16  0:45  Refinery  
  16  0:51  SCV  
  17  1:03  SCV  
  18  1:15  SCV  
  19  1:29  Orbital Command, Reaper  
  20  1:41  Command Center  
  20  1:48  Supply Depot  
  20  1:57  SCV  
  21  2:03  Marine  
  21  2:07  Factory  
  22  2:10  SCV  
  22  2:13  Refinery  
  23  2:22  SCV  
  24  2:24  Barracks Reactor  
  24  2:34  SCV  
  25  2:46  SCV  
  25  2:51  Widow Mine  
  28  2:53  Starport  
  28  2:58  SCV  
  28  3:02  Marine x2  
  28  3:03  Orbital Command  
  31  3:10  SCV  
  31  3:13  Factory Tech Lab  
  31  3:23  SCV  
  31  3:24  Marine x2  
  34  3:28  SCV  
  35  3:35  SCV  
  35  3:37  Factory Tech Lab  
  35  3:38  Raven  
  35  3:40  SCV  
  35  3:41  Supply Depot  
  39  3:42  Marine x2  
  39  3:47  SCV  
  42  3:52  SCV  
  43  4:00  Marine x2  
  45  4:03  Siege Tank, Barracks  
  45  4:04  Barracks  
  45  4:06  Refinery  
  45  4:07  SCV, Refinery  
  49  4:11  SCV  
  50  4:19  SCV  
  50  4:23  SCV  
  52  4:31  Marine, SCV  
  52  4:33  Starport Reactor  
  54  4:42  Supply Depot  
  54  4:44  Supply Depot  
  54  4:47  Stimpack  
  54  5:03  Factory Tech Lab  
  54  5:04  Marine x2, SCV x2, Marauder x2  
  62  5:09  Supply Depot  
  62  5:12  Supply Depot  
  62  5:16  SCV x2  
  64  5:21  Marine x2  
  64  5:24  Siege Tank  
  64  5:28  SCV  
  70  5:30  Medivac x2  
  70  5:31  Marauder x2  
  70  5:33  SCV, Supply Depot  
  79  5:36  Supply Depot  
  79  5:41  Marine x2  
  81  5:48  Combat Shield  
  81  5:51  SCV x2  
  81  5:52  Marine, Marauder  
  86  5:59  Marine x2, Siege Tank  
  91  6:09  SCV x2  
  91  6:10  Supply Depot x2  
  93  6:14  Marauder x2  
  97  6:34  SCV x2  
  97  6:36  Marine x2, Marauder  
  97  6:37  Marauder, Command Center  
  105  6:45  Siege Tank  
  108  6:50  Engineering Bay  
  108  6:53  Engineering Bay  
  108  6:54  Marine  
  109  6:58  Marauder  
  111  7:06  SCV x2  
  104  7:20  Marine x2  
  104  7:21  Marauder x2, Siege Tank  
  104  7:22  Medivac x2  
  114  7:24  Terran Infantry Weapons Level 1, Terran Infantry Armor Level 1  
  114  7:26  SCV x2  
  116  7:30  Supply Depot  
  116  7:32  Supply Depot  
  116  7:38  SCV  
  116  7:39  SCV  
  118  7:48  Marine x2  
  118  7:49  Marauder  
  118  7:50  SCV, Orbital Command  
  118  7:51  SCV  
  124  7:54  Siege Tank  
  124  7:57  Medivac  
  129  7:58  Medivac  
  129  8:03  SCV x2  
  129  8:05  Concussive Shells  
  133  8:06  Marauder  
  135  8:16  Marine x2  
  135  8:17  Marauder  
  139  8:21  Barracks  
  139  8:23  Barracks  
  139  8:27  Supply Depot x2  
  139  8:28  Armory  
  139  8:31  Marine  
  138  8:35  SCV x3  
  138  8:37  Liberator  
  138  8:38  Marauder, Liberator  
  143  8:46  Marine x2  
  143  8:47  SCV  
  146  8:49  Marauder  
  135  9:05  Marine x2  
  135  9:06  Marauder  
  102  9:14  Barracks Tech Lab  
  102  9:16  Barracks Reactor  
  98  9:22  Bunker  
  98  9:23  Factory Reactor  
  98  9:25  Bunker  
Tags
 
Add a new tag
Caveats
  • Supply blocks, unpowered buildings, or Contaminate may cause inaccurate times.
  • Supply counts are checked every 10 seconds.